 Dungeon Crawl Stone Soup version 0.20.1-1-g8b1a95d66d (webtiles) character file.

91 Rrauwl the Skirmisher (level 4, -5/37 HPs)
             Began as a Formicid Abyssal Knight on Jan 1, 2018.
             Was a Believer of Lugonu.
             Killed from afar by an orc wizard (9 damage)
             ... with a puff of frost
             ... on level 3 of the Dungeon.
             The game lasted 00:06:57 (1612 turns).

Rrauwl the Skirmisher (Formicid Abyssal Knight)     Turns: 1612, Time: 00:06:57

Health: -5/37      AC:  4    Str: 14 (17) XL:     4   Next: 88%
Magic:  5/5        EV: 11    Int:  7 (9)  God:    Lugonu [**....]
Gold:   141        SH:  0    Dex:  9 (11) Spells: 3/3 levels left

rFire    . . .     SeeInvis +   a - +1 spear
rCold    . . .     Gourm    .   (no shield)
rNeg     . . .     Faith    .   b - +1 leather armour
rPois    +         Spirit   .   (helmet unavailable)
rElec    .         Reflect  .   (no cloak)
rCorr    .         Harm     .   (no gloves)
MR       +....                  (no boots)
Stlth    +.........             (no amulet)
Regen    0.2/turn               e - ring of wizardry
MPRegen  0.1/turn               (no ring)

@: no status effects
A: permanent stasis, dig shafts and tunnels, four strong arms, antennae 3, dopey
1, magic resistance 1, poison resistance
a: Dig, Shaft Self, Depart the Abyss, Bend Space, Renounce Religion


You were on level 3 of the Dungeon.
You worshipped Lugonu.
Lugonu was pleased with you.
You were hungry.

You visited 1 branch of the dungeon, and saw 3 of its levels.
You visited the Abyss 1 time.

You collected 141 gold pieces.

Inventory:

Hand Weapons
 a - a +1 spear (weapon)
Armour
 b - a +1 leather armour (worn)
Jewellery
 e - a ring of wizardry (left hand)
Scrolls
 g - a scroll of blinking {unknown}
Potions
 k - 2 potions of agility
Books
 i - Kikubaaqudgha's Volume of Black Arts
   (You found it on level 2 of the Dungeon)

   Spells                             Type                      Level
   a - Pain                           Necromancy                   1
Comestibles
 c - 2 bread rations
 d - 4 chunks of flesh
 f - 4 fruits
 h - a meat ration


   Skills:
 - Level 4.0 Fighting
 + Level 4.0 Polearms
 - Level 2.1 Armour
 - Level 1.1 Dodging
 - Level 2.1 Invocations


You had 3 spell levels left.
You didn't know any spells.

Dungeon Overview and Level Annotations

Branches:
Dungeon (3/15)

Altars:
Kikubaaqudgha
Okawaru
Sif Muna
Trog
Vehumet


Innate Abilities, Weirdness & Mutations

You cannot be hasted, slowed, berserked, paralysed or teleported.
You can dig through walls and to a lower floor.
Your four strong arms can wield two-handed weapons with a shield.
You have a pair of large antennae on your head. (SInv)
You are dopey. (Int -2)
You are resistant to hostile enchantments. (MR+)
Your system is resistant to poisons. (rPois)


Message History

The orc wizard hits you but does no damage.
You hit the orc wizard but do no damage.
The orc wizard is heavily wounded.
The orc barely misses you.
The orc wizard casts a spell.
The orc wizard seems to speed up.
The orc closely misses you.
You barely miss the orc wizard.
The orc wizard is heavily wounded.
The orc wizard barely misses you. The orc closely misses you.
You hit the orc wizard.
The orc wizard is heavily wounded.
The orc wizard closely misses you. The orc hits you with a falchion!
* * * LOW HITPOINT WARNING * * *
The orc closely misses you.
You are feeling hungry.
You barely miss the orc wizard.
The orc wizard is heavily wounded.
The orc wizard points at you and mumbles some strange words.
The puff of frost hits you!
You die...

#.... #...#
#...# #.
#...#####{
##..###.).....#
.#
.........####.#
##.###.
...o....o.# #.#
.......
......##oo#
#.#####......
..... #@o#
#.#..#.......
.... #..#
#............
### #..#
##...........
#..#
#............
#..#
##.......###.
#..#
#..#.)......
...#
#......#....
#.##
###.#.#......
......###....


You could see an orc wizard and 3 orcs.

Vanquished Creatures
  3 adders
  A worm (D:2)
  A dart slug (D:2)
  2 leopard geckos
  An orc (D:3)
  A giant cockroach (D:1)
  6 hobgoblins
  4 jackals (D:1)
  4 kobolds
  A ball python (D:1)
  12 bats
  A frilled lizard (D:1)
  7 goblins
  11 rats
55 creatures vanquished.

Notes
Turn   | Place    | Note
-------+----------+-------------------------------------------
     0 | Abyss:1  | Rrauwl the Formicid Abyssal Knight began the quest for the Orb.
     0 | Abyss:1  | Reached XP level 1. HP: 18/18 MP: 2/2
     4 | Abyss:1  | Found a corrupted altar of Lugonu.
    35 | Abyss:1  | Found a corrupted altar of Lugonu.
    46 | Abyss:1  | Found a sacrificial altar of Ru.
    47 | Abyss:1  | Noticed a wretched star
    95 | Abyss:1  | Noticed a demonic crawler
   115 | Abyss:1  | Noticed a flying skull
   116 | Abyss:1  | Noticed a flying skull
   119 | Abyss:1  | Found a sacrificial altar of Ru.
   124 | D:1      | Escaped the Abyss
   150 | D:1      | Reached skill level 1 in Dodging
   156 | D:1      | Reached * piety under Lugonu
   217 | D:1      | Reached XP level 2. HP: 24/24 MP: 3/3
   467 | D:1      | Reached XP level 3. HP: 18/30 MP: 4/4
   984 | D:2      | Found a bloodstained altar of Trog.
   985 | D:2      | Found an iron altar of Okawaru.
  1134 | D:2      | Reached XP level 4. HP: 37/37 MP: 5/5
  1188 | D:2      | Reached ** piety under Lugonu
  1237 | D:2      | Gained mutation: Your system is resistant to poisons. (rPois) [potion of mutation]
  1237 | D:2      | Gained mutation: You are dopey. (Int -2) [potion of mutation]
  1237 | D:2      | Gained mutation: You are resistant to hostile enchantments. (MR+) [potion of mutation]
  1248 | D:2      | Found an ancient bone altar of Kikubaaqudgha.
  1261 | D:2      | Found a deep blue altar of Sif Muna.
  1271 | D:2      | Found a radiant altar of Vehumet.
  1273 | D:2      | Identified Kikubaaqudgha's Volume of Black Arts
  1612 | D:3      | Killed from afar by an orc wizard

Skill      XL: |  1  2  3  4 |
---------------+-------------+-----
Dodging        | 1 |  1.1
Fighting       | 4 |  4.0
Polearms       | 3 4 |  4.0
Armour         | |  2.1
Invocations    | |  2.1

Action                   |  1- 3 |  4- 6 || total
-------------------------+-------+-------++-------
Melee: Spear             |   129 |    68 ||   197
Invok: Depart the Abyss  |     1 |       ||     1
  Use: Potion            |     1 |     5 ||     6
       Scroll            |     2 |     3 ||     5
 Stab: Sleeping          |     1 |       ||     1
  Eat: Chunk             |     1 |     1 ||     2
Armor: Leather armour    |    29 |    19 ||    48
Dodge: Dodged            |    65 |    28 ||    93
